[Event "Early-Titled-Tuesday-Blitz-September-05-2023"]
[Site "Chess.com"]
[Date "2023.09.05"]
[Round "8"]
[White "TregubovP"]
[Black "baki83"]
[Result "1-0"]
[WhiteElo "2653"]
[BlackElo "2803"]
[TimeControl "180+1"]
[EndTime "9:26:44 PDT"]
[Termination "TregubovP won on time"]

1. e4 c5 2. Nf3 Nc6 3. Bb5 e6 4. c3 Nge7 5. O-O a6 6. Ba4 b5 7.
Bc2 c4 8. a4 Bb7 9. d4 cxd3 10.
Bxd3 b4 11. Nbd2 Ng6 12. Nc4 Qc7 13. a5 Be7 14. Re1 O-O 15. e5 bxc3 16. bxc3 f5 17. Ba3 Rad8 18. Bf1 Bxa3 19. Rxa3 Nce7 20. Qd6 Rc8 21.
Nb6 Bxf3 22. Nxc8 Qxc8 23. gxf3 Nc6 24. Ra4 Qd8 25. Bxa6 Ncxe5 26. Rxe5 Qg5+ 27. Kf1 Qc1+ 28.
Re1 Qxc3 29. Qxd7 Qxf3 30. Bb7 Qh5 31. Qxe6+ Kh8 32. Qd6 f4 33. Qd5 Qh3+ 34. Qg2 Qh5 35. Bc6 f3 36. Qg3 Qc5 37. Qd6 1-0

[Event "Early-Titled-Tuesday-Blitz-September-05-2023"]
[Site "Chess.com"]
[Date "2023.09.05"]
[Round "8"]
[White "Khromkin"]
[Black "ElenaPershina"]
[Result "1-0"]
[WhiteElo "2395"]
[BlackElo "2308"]
[TimeControl "180+1"]
[EndTime "9:26:44 PDT"]
[Termination "Khromkin won by resignation"]

1. d4 d5 2. c4 c6 3. Nc3 Nf6 4.
Nf3 dxc4 5. a4 Bf5 6. Ne5 Nbd7 7. Nxc4 Qc7 8. Qd2 g6 9. Qf4 Qxf4 10. Bxf4 Bg7 11. f3 Nd5 12. Nxd5 cxd5 13. Ne3 Bxd4 14. Nxd5 Rc8 15. e4 Be6 16. Nc7+ Rxc7 17. Bxc7 Bxb2 18.
Rb1 Bc3+ 19. Kf2 Bd4+ 20. Kg3 h5 21. h4 b6 22. Bb5 O-O 23. Rhd1 Be5+ 24. Bxe5 Nxe5 25.
Rbc1 Kg7 26. Rc7 Kf6 27. Be2 a5 28. f4 Ng4 29. e5+ Kg7 30. Bxg4 hxg4 31. Rxe7 Rc8 32. h5 Rc3+ 33. Kh4 Kh6 34. hxg6 Kxg6 35. Rd6 Rc2 36.
Rdxe6+ fxe6 37. Rxe6+ Kf5 38. Rf6+ Ke4 39. g3 Ra2 40. e6 Rxa4 41. e7 1-0

[Event "Early-Titled-Tuesday-Blitz-September-05-2023"]
[Site "Chess.com"]
[Date "2023.09.05"]
[Round "8"]
[White "TanitoluwaAps116"]
[Black "kikoveiga"]
[Result "1-0"]
[WhiteElo "2785"]
[BlackElo "2605"]
[TimeControl "180+1"]
[EndTime "9:26:45 PDT"]
[Termination "TanitoluwaAps116 won by resignation"]

1. e4 Nc6 2. Nc3 Nf6 3. d4 d6 4.
Nf3 g6 5. Bc4 Bg7 6. O-O O-O 7.
Bg5 a6 8. Re1 b5 9. Bd5 Bb7 10.
Bxf6 Bxf6 11. e5 Bg7 12. e6 fxe6 13. Rxe6 Kh8 14. Re4 Na5 15. Ng5 Bxd5 16. Nxd5 Rf5 17.
Ne6 Qd7 18. Ndf4 Nc6 19. c3 Bh6 20. Qg4 Rg8 21. Rae1 d5 22. R4e2 Qd6 23. g3 Rf6 24. Qh3 g5 25. Nh5 Rfg6 26. Qg4 Qd7 27. Qf3 g4 28.
Qf5 Nd8 29. Qe5+ Bg7 30. Nhxg7 Nxe6 31. Nxe6+ Rf6 32. Nf4 c6 33. Nh5 Rg6 34. Nxf6 Rxf6 35. Qxe7 Qf5 36. Qe8+ Kg7 37. Re7+ Kh6 38. R7e2 Kg7 39.
Qe3 h5 40. Qe5 Qxe5 41. Rxe5 1-0

[Event "Early-Titled-Tuesday-Blitz-September-05-2023"]
[Site "Chess.com"]
[Date "2023.09.05"]
[Round "8"]
[White "moro182"]
[Black "Keeper0416"]
[Result "1-0"]
[WhiteElo "2853"]
[BlackElo "2611"]
[TimeControl "180+1"]
[EndTime "9:26:46 PDT"]
[Termination "moro182 won by checkmate"]

1. d4 Nf6 2. Bf4 g6 3. Nc3 d5 4. Nb5 Na6 5. e3 Bg7 6. h3 O-O 7. Nf3 c6 8. Nc3 Nc7 9. Be2 Nh5 10. Be5 f6 11. Bxc7 Qxc7 12. g4 Ng3 13. fxg3 Qxg3+ 14. Kd2 f5 15. Qg1 Qd6 16. gxf5 Bxf5 17. Rf1 c5 18.
Bd3 Bxd3 19. cxd3 cxd4 20. Nxd4 e5 21. Nc2 d4 22. exd4 exd4 23. Ne4 Bh6+ 24. Kd1 Rxf1+ 25. Qxf1 Qa6 26. a3 Rf8 27. Qe2 Qb5 28. Rf1 Rxf1+ 29. Qxf1 Qxb2 30. Nd2 Qc3 31. Qe2 Be3 32. Nc4 Bg5 33.
Qe6+ Kg7 34. Qd7+ Kh6 35. Qxd4 Qb3 36. Nd2 Qb5 37. h4 Bxd2 38. Kxd2 Kh5 39. Ne3 Qa5+ 40. Ke2 Qxa3 41. Qg4+ Kh6 42. Nf5+ gxf5 43. Qg5# 1-0

[Event "Early-Titled-Tuesday-Blitz-September-05-2023"]
[Site "Chess.com"]
[Date "2023.09.05"]
[Round "8"]
[White "Mops_2004"]
[Black "WilsonPalencia21"]
[Result "1/2-1/2"]
[WhiteElo "2822"]
[BlackElo "2562"]
[TimeControl "180+1"]
[EndTime "9:26:46 PDT"]
[Termination "Game drawn by repetition"]

1. g3 g6 2. Bg2 Bg7 3. d4 Nf6 4. Nf3 c5 5. dxc5 Qa5+ 6. Nfd2 Qxc5 7. O-O O-O 8. c4 d6 9. Nc3 Nc6 10. b3 Qa5 11. Bb2 Ng4 12. Qc1 Bh6 13. h3 Nf6 14. e3 Nb4 15. Qb1 Nc6 16. Nde4 Nxe4 17. Nxe4 Bf5 18. Qc1 Bxe4 19. Bxe4 Bg7 20. Bxg7 Kxg7 21. Qb2+ f6 22. a3 Qh5 23. Bg2 Rac8 24. Rfd1 Qe5 25. Rab1 Qxb2 26. Rxb2 Na5 27. Kf1 Rc7 28.
Ke2 Kf7 29. Rd5 b6 30. h4 Rd8 31. h5 g5 32. Rd3 h6 33. Bd5+ e6 34. Bg2 Ke7 35. Rbd2 Rdd7 36. g4 Nc6 37. Bxc6 Rxc6 38. f4 Rc5 39. Kf3 a5 40. a4 Rd8 41. Rd4 Rd7 42. Re4 f5 43. Red4 gxf4 44. exf4 fxg4+ 45. Kxg4 Rd8 46. Kh4 Rf5 47. Rg2 Rdf8 48. Rg7+ R8f7 49. Rxf7+ Rxf7 50. Kg4 Rf5 51. Rd3 Kd7 52. Rh3 Ke7 53.
Rd3 Rc5 54. Rg3 Rf5 55. Rg1 Kf6 56. Rd1 Ke7 57. Rg1 Kf6 58. Rd1 Ke7 59. Rg1 1/2-1/2

[Event "Early-Titled-Tuesday-Blitz-September-05-2023"]
[Site "Chess.com"]
[Date "2023.09.05"]
[Round "8"]
[White "PepeCuenca"]
[Black "S-Fazulyanov"]
[Result "1-0"]
[WhiteElo "2690"]
[BlackElo "2447"]
[TimeControl "180+1"]
[EndTime "9:26:46 PDT"]
[Termination "PepeCuenca won on time"]

1. e4 c5 2. Nf3 Nc6 3. d4 cxd4 4.
Nxd4 g6 5. c4 Nf6 6. Nc3 Nxd4 7.
Qxd4 d6 8. Be2 Bg7 9. Be3 O-O 10. Qd3 Ng4 11. Bxg4 Bxg4 12. Bd4 a6 13. Bxg7 Kxg7 14. O-O Qa5 15. b3 Rac8 16. Nd5 Rfe8 17. b4 Qd8 18. Rac1 Be6 19. Ne3 Qb6 20. a3 f6 21. h3 Bf7 22. Kh1 Rc7 23. f4 Rec8 24. e5 a5 25. bxa5 Qxa5 26. exf6+ exf6 27. Qxd6 Bxc4 28. Nxc4 Rxc4 29.
Qe7+ Kh6 30. Rxc4 Rxc4 31. Qxf6 Qxa3 32. Rf3 Rc1+ 33. Kh2 Qa1 34. Qg5+ Kg7 35. Re3 Rh1+ 36. Kg3 1-0

[Event "Early-Titled-Tuesday-Blitz-September-05-2023"]
[Site "Chess.com"]
[Date "2023.09.05"]
[Round "8"]
[White "Apocalyps999"]
[Black "jcmesafischer"]
[Result "0-1"]
[WhiteElo "2299"]
[BlackElo "2461"]
[TimeControl "180+1"]
[EndTime "9:26:46 PDT"]
[Termination "jcmesafischer won by checkmate"]

1. e4 c5 2. c3 d6 3. d4 Nf6 4.
Bd3 g6 5. Nf3 Bg7 6. O-O O-O 7.
h3 Nc6 8. d5 Na5 9. Nbd2 c4 10.
Nxc4 Nxc4 11. Bxc4 Nxe4 12. Re1 Nf6 13. Be3 b5 14. Bxb5 Rb8 15. c4 a6 16. Ba4 Rxb2 17.
Bb3 e6 18. Bd4 Ne8 19. Bxb2 Bxb2 20. Rb1 Bc3 21. Re3 Bb4 22. dxe6 fxe6 23. Nd4 Bc5 24.
Rf3 Nf6 25. Qd3 e5 26. Rxf6 Qxf6 27. Nf3 Bf5 28. Qd5+ Be6 29. Qd2 e4 30. Ng5 Bxf2+ 31. Kh1 e3 32. Ne4 exd2 33. Nxf6+ Rxf6 34. Rd1 Bg3 35. c5 Bxb3 36. axb3 dxc5 37. Rg1 Re6 38. Rd1 Re1+ 39.
Rxe1 dxe1=Q# 0-1

[Event "Early-Titled-Tuesday-Blitz-September-05-2023"]
[Site "Chess.com"]
[Date "2023.09.05"]
[Round "8"]
[White "DKmirl"]
[Black "FeketeBarika"]
[Result "0-1"]
[WhiteElo "2255"]
[BlackElo "2378"]
[TimeControl "180+1"]
[EndTime "9:26:46 PDT"]
[Termination "FeketeBarika won on time"]

1. d4 e6 2. Nf3 Nf6 3. g3 b6 4. Bg2 Bb7 5. O-O c5 6. c3 Be7 7.
Nbd2 O-O 8. b3 d6 9. Bb2 Nbd7 10. Re1 cxd4 11. cxd4 d5 12. Ne5 Rc8 13. Rc1 Bd6 14. Rxc8 Qxc8 15. Qb1 Qb8 16. Nxd7 Nxd7 17. e4 Bb4 18. Rd1 Bxd2 19. Rxd2 dxe4 20. Bxe4 Bxe4 21. Qxe4 Nf6 22. Qf3 Rc8 23. d5 Nxd5 24. Qg4 g6 25. Rxd5 exd5 26. Qd4 Kf8 27. Qg7+ Ke8 28. Qg8+ Ke7 29.
Ba3+ Ke6 30. Qxh7 Qe5 31. Qh3+ Qf5 32. Qf1 Rc2 33. Qe1+ Kf6 34. Qe7+ Kg7 35. Qf8+ Kh7 36. f4 Qe6 37. Qe7 Rc1+ 0-1

[Event "Early-Titled-Tuesday-Blitz-September-05-2023"]
[Site "Chess.com"]
[Date "2023.09.05"]
[Round "8"]
[White "Maus7"]
[Black "Mesa_1"]
[Result "0-1"]
[WhiteElo "2485"]
[BlackElo "2580"]
[TimeControl "180+1"]
[EndTime "9:26:47 PDT"]
[Termination "Mesa_1 won by resignation"]

1. e4 e5 2. Nf3 Nc6 3. Bb5 a6 4. Ba4 Nf6 5. O-O Be7 6. Re1 b5 7. Bb3 d6 8. c3 O-O 9. h3 Be6 10. Bxe6 fxe6 11. a4 b4 12. d4 a5 13. dxe5 Nxe5 14.
Nxe5 dxe5 15. Qe2 Nd7 16. Be3 Nc5 17. Rd1 Qc8 18. Nd2 Qa6 19. Qxa6 Rxa6 20. f3 bxc3 21.
bxc3 Rd8 22. Kf1 Kf8 23. Ke2 Nd7 24. Rab1 h6 25. Rb7 Rc6 26. c4 Nc5 27. Bxc5 Bxc5 28. Rb5 Bb4 29. Rxe5 Rcd6 30. Ke3 Bxd2+ 31. Ke2 Bb4 32.
Rxd6 Rxd6 33. g4 c5 34. Rh5 Kf7 35. h4 Kf6 36. g5+ Kg6 37. gxh6 Kxh5 38. hxg7 Rd8 39. f4 Rg8 40. f5 exf5 41. exf5 Rxg7 0-1

[Event "Early-Titled-Tuesday-Blitz-September-05-2023"]
[Site "Chess.com"]
[Date "2023.09.05"]
[Round "8"]
[White "Hope_6"]
[Black "Barbus89"]
[Result "1-0"]
[WhiteElo "2718"]
[BlackElo "2562"]
[TimeControl "180+1"]
[EndTime "9:26:48 PDT"]
[Termination "Hope_6 won by checkmate"]

1. d4 Nf6 2. c4 e6 3. Nf3 Bb4+ 4.
Nbd2 O-O 5. a3 Bxd2+ 6. Bxd2 d6 7. e3 Nbd7 8. Bd3 e5 9. Qc2 Qe7 10. e4 exd4 11. Nxd4 Nc5 12. f3 Bd7 13. O-O Rfe8 14. Bc3 Na4 15. Bd2 Qe5 16. Be3 c5 17. Ne2 Qxb2 18.
Rab1 Qxc2 19. Bxc2 Nb6 20. Bb3 Be6 21. Rbc1 Nfd7 22.
Nf4 Ne5 23. Nxe6 fxe6 24. Rfd1 Rad8 25. a4 Nc6 26. Kf2 e5 27. Bd2 Nd4 28. Rb1 Nd7 29.
a5 Nb8 30. Ba4 Re7 31. Rb2 Nbc6 32. Rdb1 Rdd7 33. Bc3 Kf7 34. Ke3 Re6 35. Kd3 Ree7 36. g3 Ke6 37. f4 exf4 38. gxf4 Rf7 39. f5+ Ke5 40. Bxd4+ cxd4 41. a6 b6 42. Bxc6 Rc7 43.
Rb5+ Kf6 44. Bd5 Rfe7 45. Kxd4 g6 46. Rf1 g5 47. Rb2 h6 48. Rg2 Rc5 49. h4 Rh7 50. Rh1 Rg7 51. hxg5+ Rxg5 52. Rxh6+ Kg7 53. Rxg5+ Kxh6 54.
Rg6+ Kh7 55. Rxd6 Kh8 56. Rd7 Ra5 57. f6 b5 58. f7 Kg7 59. Rd8 Kg6 60. f8=Q Kg5 61.
Qf5+ Kh4 62. Rh8+ Kg3 63. Rh3+ Kg2 64. Qf3+ Kg1 65. Rh1# 1-0

[Event "Early-Titled-Tuesday-Blitz-September-05-2023"]
[Site "Chess.com"]
[Date "2023.09.05"]
[Round "8"]
[White "RIPOL"]
[Black "noblerone"]
[Result "1/2-1/2"]
[WhiteElo "2416"]
[BlackElo "2524"]
[TimeControl "180+1"]
[EndTime "9:26:49 PDT"]
[Termination "Game drawn by repetition"]

1. d4 d5 2. c4 c6 3. Nc3 Nf6 4.
cxd5 cxd5 5. Bf4 Nc6 6. e3 a6 7. Rc1 Bg4 8. f3 Bh5 9. g4 Bg6 10. Nge2 e6 11. h4 h6 12. Kf2 Bd6 13. Bxd6 Qxd6 14.
Nf4 Bh7 15. Be2 Nd7 16. g5 Bf5 17. Qg1 h5 18. Qd1 f6 19. Rg1 O-O-O 20. a3 Kb8 21. b4 Nb6 22. b5 axb5 23. Nxb5 Qd7 24. Bd3 e5 25. Ng6 Bxg6 26. Bxg6 exd4 27. Nxd4 Ne5 28.
Bf5 Qa4 29. Rb1 Qxd1 30. Rgxd1 Nec4 31. a4 Nxa4 32. Nc6+ Kc7 33. Nxd8 Rxd8 34. Rb3 Nc5 35. Rc3 b5 36. Ra1 Kb6 37. gxf6 gxf6 38. Rg1 b4 39. Rcc1 b3 40. Rg6 Rd6 41. Rh6 b2 42.
Rb1 Na4 43. Rxh5 Nc3 44. Rh8 Nxb1 45. Bxb1 Kc5 46. Rb8 Ra6 47. h5 Ra1 48. Bg6 Rh1 49. Kg2 Rh4 50. Kg3 Rh1 51. Kg2 Rh4 52. Kg3 Rh1 53. Kg2 1/2-1/2

[Event "Early-Titled-Tuesday-Blitz-September-05-2023"]
[Site "Chess.com"]
[Date "2023.09.05"]
[Round "8"]
[White "Bobbybunny"]
[Black "aakankshachess"]
[Result "0-1"]
[WhiteElo "2174"]
[BlackElo "2462"]
[TimeControl "180+1"]
[EndTime "9:26:49 PDT"]
[Termination "aakankshachess won by resignation"]

1. e4 e5 2. f4 d5 3. exd5 e4 4. d3 Nf6 5. dxe4 Nxe4 6. Nf3 Bc5 7. Bd3 Nf2 8. Qe2+ Kf8 9. Rf1 Nxd3+ 10. cxd3 Na6 11.
Nc3 Bf5 12. Be3 Qe7 13. Bxc5 Qxc5 14. O-O-O Nb4 15. Kb1 Re8 16. Ne5 f6 17. g4 Bc8 18.
d4 Qa5 19. Qc4 fxe5 20. fxe5+ Ke7 21. d6+ cxd6 22. Rf7+ Kd8 23. exd6 Be6 24. Qc7+ Qxc7 25. dxc7+ Kc8 26. Rxg7 Rhg8 27. Rxg8 Rxg8 28. h3 Kxc7 29. d5 Bd7 30. a3 Na6 31. Ne4 h5 32. Nf6 Rf8 33. d6+ Kd8 34. Nxh5 Nc5 35. Kc2 Ba4+ 36. Kc1 Bxd1 37. Kxd1 Rf3 38. h4 Rh3 39. Nf6 Rxh4 40.
g5 Rd4+ 0-1

[Event "Early-Titled-Tuesday-Blitz-September-05-2023"]
[Site "Chess.com"]
[Date "2023.09.05"]
[Round "8"]
[White "expii"]
[Black "AquivaRubinstein"]
[Result "0-1"]
[WhiteElo "2260"]
[BlackElo "2467"]
[TimeControl "180+1"]
[EndTime "9:26:52 PDT"]
[Termination "AquivaRubinstein won by resignation"]

1. e4 Nf6 2. e5 Nd5 3. d4 d6 4. c4 Nb6 5. exd6 cxd6 6. Nc3 g6 7.
Nf3 Bg7 8. Be2 Bg4 9. O-O O-O 10. b3 Nc6 11. Be3 d5 12. c5 Nc8 13. a3 a5 14.
Rb1 e6 15. b4 axb4 16. axb4 Bxf3 17. Bxf3 Qf6 18. Ne2 N8e7 19. b5 Na5 20. Ng3 Nc4 21.
Be2 Nxe3 22. fxe3 Qg5 23. Qd2 h5 24. Bd3 Bh6 25. Rf3 h4 26. Ne2 Nf5 27. Nf4 Ra3 28. Bxf5 gxf5 29. c6 Qe7 30. Rc1 bxc6 31. bxc6 Rc8 32.
Qb2 Qa7 33. Qb5 Rxe3 34. Rxe3 Qxd4 35. Qc5 Qxf4 36. Rce1 Qc7 37. Rc3 Bf8 38. Qb5 Bg7 39. Rc2 Qf4 40. Kh1 h3 41. Qb7 Rc7 42. Qb8+ Kh7 43.
Qe8 Be5 44. g3 Qf3+ 45. Kg1 Bd4+ 0-1

[Event "Early-Titled-Tuesday-Blitz-September-05-2023"]
[Site "Chess.com"]
[Date "2023.09.05"]
[Round "8"]
[White "Vuk2000"]
[Black "rasmussvane"]
[Result "0-1"]
[WhiteElo "2747"]
[BlackElo "2955"]
[TimeControl "180+1"]
[EndTime "9:26:53 PDT"]
[Termination "rasmussvane won by resignation"]

1. d4 d5 2. Bf4 Nf6 3. e3 e6 4.
Nd2 Bd6 5. Bg3 O-O 6. c3 c5 7.
Ngf3 Qc7 8. dxc5 Qxc5 9. Bd3 Nbd7 10. O-O Bxg3 11. hxg3 Qc7 12. Rc1 Nc5 13. Bb1 b5 14.
Nb3 Nce4 15. Qe2 a6 16. Nfd2 Nd6 17. e4 dxe4 18. Nxe4 Ndxe4 19. Bxe4 Nxe4 20. Qxe4 Bb7 21. Qe3 Bd5 22. Rcd1 a5 23. Rd2 Rfc8 24. Nd4 b4 25.
cxb4 axb4 26. b3 Qb7 27. f3 h6 28. Rfd1 Ra5 29. Qf2 Rca8 30. Rc1 Rc8 31. Rxc8+ Qxc8 32. Rc2 Rc5 33. Qd2 e5 34. Qxb4 Rxc2 35. Nxc2 Qxc2 36. Qb8+ Kh7 37. Qxe5 Be6 38. Qa1 h5 39. Kh2 g6 40.
Kg1 Qc7 41. Kf2 Qc5+ 42. Ke2 Bc8 43. Qf6 Qc2+ 44. Ke3 Be6 45. b4 Qxa2 46. Qd4 Qxg2 47. Kf4 g5+ 48. Kxg5 Qxg3+ 49. Kf6 Qg7+ 50. Ke7 Qxd4 0-1

[Event "Early-Titled-Tuesday-Blitz-September-05-2023"]
[Site "Chess.com"]
[Date "2023.09.05"]
[Round "8"]
[White "GMG"]
[Black "BlitzWizard04"]
[Result "1-0"]
[WhiteElo "2787"]
[BlackElo "2607"]
[TimeControl "180+1"]
[EndTime "9:26:54 PDT"]
[Termination "GMG won on time"]

1. d4 Nf6 2. c4 e6 3. Nf3 b6 4.
g3 Bb7 5. Bg2 Be7 6. O-O O-O 7.
Nc3 Ne4 8. Bd2 Nxd2 9. Qxd2 c5 10. d5 d6 11. h4 e5 12. e4 h6 13. Ne1 f5 14. exf5 Bc8 15. Be4 Bxf5 16. Bxf5 Rxf5 17.
Ng2 Nd7 18. Ne3 Rf8 19. Ne4 Nf6 20. Qc2 Qd7 21. Nxf6+ Bxf6 22. Qe4 b5 23. Kg2 Rab8 24. b3 a5 25. Rab1 a4 26. bxa4 bxa4 27. Qf5 Qc7 28. Rxb8 Rxb8 29. Rb1 Rb4 30. a3 Rb3 31. Qe6+ Kh8 32.
Rxb3 axb3 33. Qe8+ Kh7 34. Qb5 b2 35. Qxb2 Qa5 36.
Qb1+ Kh8 37. Qb8+ Kh7 38. Qxd6 Qxa3 39. Qe6 Qc3 40. Qf5+ Kh8 41. d6 Qd4 42. d7 Qd6 43. Nd5 Bd8 44. Qf7 Kh7 45. h5 e4 46. Nf4 Qe5 47.
Ng6 1-0

[Event "Early-Titled-Tuesday-Blitz-September-05-2023"]
[Site "Chess.com"]
[Date "2023.09.05"]
[Round "8"]
[White "MarijaKuznecova"]
[Black "Grossboss19"]
[Result "0-1"]
[WhiteElo "2375"]
[BlackElo "2501"]
[TimeControl "180+1"]
[EndTime "9:26:54 PDT"]
[Termination "Grossboss19 won on time"]

1. e4 c5 2. Nf3 Nc6 3. Nc3 Nf6 4.
d4 cxd4 5. Nxd4 d6 6. Bg5 e6 7. Qd3 h6 8. Bxf6 Qxf6 9. Ndb5 Qd8 10. O-O-O a6 11. Nxd6+ Bxd6 12. Qxd6 Qxd6 13. Rxd6 Ke7 14. Rd2 b5 15. Be2 Bb7 16. Rhd1 Rhd8 17. f4 g5 18. g3 Rxd2 19. Rxd2 gxf4 20. gxf4 Rg8 21. Bf3 b4 22. Na4 Rg1+ 23. Bd1 Rf1 24. Nc5 Bc8 25.
Nd3 a5 26. c3 Ba6 27. Nc5 Bc8 28. Nd3 Ba6 29. Nc5 Bb5 30. Rd7+ Ke8 31. Rb7 Be2 32.
Rd7 h5 33. Kc2 Bxd1+ 34. Rxd1 Rxf4 35. cxb4 Nxb4+ 36. Kb3 Rf3+ 37. Kc4 Rh3 38. a3 Nc6 39. Rd6 Ne5+ 40. Kb5 Rxh2 41. Ra6 Rxb2+ 42. Kxa5 h4 43.
Ra8+ Ke7 44. Ra7+ Kf6 45. Nd7+ Nxd7 46. Rxd7 h3 47. Rd3 h2 48. Rh3 Kg5 49. a4 Kg4 50.
Rh8 Kg3 51. Ka6 Kg2 52. a5 h1=Q 53. Rxh1 Kxh1 0-1

[Event "Early-Titled-Tuesday-Blitz-September-05-2023"]
[Site "Chess.com"]
[Date "2023.09.05"]
[Round "8"]
[White "fen_fire"]
[Black "JaloliddinIlkhomi"]
[Result "1/2-1/2"]
[WhiteElo "2490"]
[BlackElo "2569"]
[TimeControl "180+1"]
[EndTime "9:26:56 PDT"]
[Termination "Game drawn by 50-move rule"]

1. b3 Nf6 2. Bb2 e6 3. c4 b6 4. Nf3 Bb7 5. e3 d5 6. Be2 Nbd7 7. O-O Bd6 8. Nc3 a6 9. Rc1 O-O 10. d3 Rc8 11. Qd2 c5 12. Rfd1 Qe7 13. cxd5 Nxd5 14. Nxd5 exd5 15. d4 Nf6 16. Qe1 Ne4 17. Qf1 f5 18. Bxa6 Ba8 19. Bxc8 Rxc8 20. dxc5 bxc5 21. Nd2 Nxd2 22. Rxd2 Rc6 23. Rxd5 Bxh2+ 24. Kxh2 Rh6+ 25. Kg1 Bxd5 26. Qb5 Rg6 27. Qxc5 Qxc5 28. Rxc5 Bxg2 29.
Rc8+ Kf7 30. Rc7+ Ke6 31. Rxg7 Bd5+ 32. Rxg6+ hxg6 33. f4 Kd7 34. Kf2 Kc6 35. Ke1 Kb5 36. Kd2 Kb4 37. Kc2 Be4+ 38. Kc1 Bd3 39. Kd2 Bb1 40.
Bc3+ Ka3 41. b4 Bxa2 42. b5 Ka4 43. b6 Bd5 44. Bd4 Kb5 45. Ke1 Kc6 46. Kf2 Kb7 47. Kg3 Be4 48. Kh4 Bd3 49. Kg5 Be4 50. Kxg6 Bd3 51. Kf6 Be4 52. Ke5 Bd3 53. Kd6 Be4 54. Kc5 Bd3 55. Kb4 Be4 56. Ka3 Bf3 57. Kb2 Be4 58. Kc1 Bd5 59. Kd2 Be4 60. Ke1 Bd5 61. Kf2 Be4 62. Kg3 Bd5 63. Kh4 Be4 64. Kg5 Bd3 65.
Kf6 Be4 66. Ke6 Bd3 67. Ke5 Be4 68. Kd6 Bd3 69. Ke5 Be4 70. Kf6 Bd3 71. e4 Bxe4 72. Ke5 Bd3 73. Kf6 Kc6 74. Be5 Kxb6 75. Kg5 Kc6 76.
Kh4 Kd5 77. Kg3 Ke4 78. Kf2 Bc4 79. Ke1 Be6 80. Kd2 Bf7 81. Kc1 Bh5 82. Kb1 Bg4 83. Kb2 Bh3 84. Ka3 Bg2 85. Kb4 Bh1 86. Kc5 Bf3 87. Kd6 Be2 88. Ke7 Bf1 89. Kf8 Bc4 90. Kg7 Ba2 91. Kh6 Bb1 92. Kg5 Bc2 93. Kh4 Bb3 94. Kg3 Ba4 95. Kh2 Bb5 96. Kg1 Ba6 97. Kf2 Bb7 98. Ke1 Ba8 99. Kd2 Bc6 100. Kc1 Bd7 101. Kb2 Be8 102. Ka1 Bf7 103. Kb2 Bg6 104. Kc1 Bh5 105. Kc2 Bg4 106. Kc1 Bh3 107. Kd2 Bg4 108.
Ke1 Bh5 109. Kf2 Be8 110. Kg1 Bc6 111. Kh2 Kd3 112. Kg3 Be4 113. Kh4 Kc4 114. Kg5 Kd5 115. Kh5 Kc6 116. Kh6 Kb5 117. Kg7 Kc4 118. Kg8 Kb3 119. Kh8 Kc2 120. Kh7 Kd1 121. Kg6 Ke2 122. Kh5 Kf3 123. Kg5 Kg3 124. Kg6 Kf2 1/2-1/2

[Event "Early-Titled-Tuesday-Blitz-September-05-2023"]
[Site "Chess.com"]
[Date "2023.09.05"]
[Round "8"]
[White "Heinza9"]
[Black "SaiHanThiha"]
[Result "1-0"]
[WhiteElo "2305"]
[BlackElo "2460"]
[TimeControl "180+1"]
[EndTime "9:26:57 PDT"]
[Termination "Heinza9 won by checkmate"]

1. e4 c6 2. d4 d5 3. exd5 cxd5 4.
c4 Nf6 5. Nc3 e6 6. Nf3 Bb4 7.
cxd5 Nxd5 8. Bd2 O-O 9. Bd3 b6 10. O-O Bb7 11. Qe2 Nd7 12. Rad1 Rc8 13. Rc1 Nxc3 14.
bxc3 Ba3 15. Rb1 Qc7 16. Rfe1 Rfe8 17. Rb3 Bd6 18. h3 Bd5 19. Rb2 Bc4 20. Ng5 Nf6 21.
Ne4 Nxe4 22. Qxe4 Bxd3 23. Qxd3 Bh2+ 24. Kh1 Bf4 25. Bxf4 Qxf4 26. c4 Red8 27. Rd1 h6 28. g3 Qd6 29. d5 Qe5 30. Re2 Qh5 31. Kg2 exd5 32. g4 Qg5 33. cxd5 Rd6 34. Re4 Qd8 35.
Rd4 Qd7 36. Rd2 Rd8 37. Qe4 Qb5 38. h4 Qc5 39. g5 hxg5 40. hxg5 b5 41. f4 a5 42. f5 b4 43. R4d3 a4 44. g6 fxg6 45. fxg6 Qb5 46. Qf5 b3 47. Qf7+ Kh8 48. Rh3# 1-0

[Event "Early-Titled-Tuesday-Blitz-September-05-2023"]
[Site "Chess.com"]
[Date "2023.09.05"]
[Round "8"]
[White "I_am_Javi"]
[Black "ChainedDowntohell"]
[Result "1-0"]
[WhiteElo "2749"]
[BlackElo "2582"]
[TimeControl "180+1"]
[EndTime "9:27:00 PDT"]
[Termination "I_am_Javi won on time"]

1. e4 c6 2. d4 g6 3. c3 d5 4. e5 h5 5. Bd3 Nh6 6. Ne2 b6 7. O-O Ba6 8. Bxa6 Nxa6 9. e6 Qd6 10.
exf7+ Nxf7 11. Re1 Bg7 12. Nf4 Nc7 13. Qd3 Rh6 14.
b3 e5 15. dxe5 Nxe5 16. Qh3 Kf7 17. Nd2 Re8 18. Nf1 g5 19. Nxh5 g4 20. Qh4 Bf6 21.
Bg5 Reh8 22. Bxf6 Rxh5 23. Bxe5 Qxe5 24. Rxe5 Rxh4 25. Rae1 Re8 26. Rxe8 Nxe8 27. Ng3 Nd6 28. Re3 Rh6 29. f3 Rg6 30. fxg4 Rxg4 31. h3 Rg8 32. h4 Rg4 33. h5 a5 34. Rf3+ Kg7 35. Re3 Kf6 36. Rf3+ Kg7 37. Kf2 Ne4+ 38. Nxe4 Rxe4 39.
h6+ Kg6 40. Rh3 Re7 41. Kf3 Rh7 42. Kf4 c5 43. Ke5 d4 44. cxd4 Re7+ 45. Kd6 1-0

[Event "Early-Titled-Tuesday-Blitz-September-05-2023"]
[Site "Chess.com"]
[Date "2023.09.05"]
[Round "8"]
[White "DenLaz"]
[Black "mitrabhaa"]
[Result "1-0"]
[WhiteElo "3071"]
[BlackElo "2822"]
[TimeControl "180+1"]
[EndTime "9:27:01 PDT"]
[Termination "DenLaz won by resignation"]

1. d4 Nf6 2. c4 e6 3. Nf3 c5 4. g3 cxd4 5. Nxd4 d5 6. Bg2 e5 7. Nf3 d4 8. O-O Nc6 9. e3 Be7 10. exd4 exd4 11. Re1 O-O 12. Bf4 h6 13. Ne5 Bd7 14. Nd2 Rc8 15. a3 a5 16. Qb3 Nxe5 17.
Bxe5 Bc6 18. Nf3 Bc5 19. Rad1 Re8 20. Qd3 a4 21. Bxd4 Rxe1+ 22. Nxe1 Bxg2 23. Kxg2 Qb6 24. Bxc5 Qxc5 25. Qf3 Qxc4 26. Qxb7 Re8 27. Qf3 Ne4 28. h4 Rb8 29. Nd3 Rb3 30. Qe2 f5 31. Kf1 Qc6 32. Kg1 Qb5 33. Qf1 Kh7 34. h5 Ng5 35.
Nf4 Nf3+ 36. Kg2 Qb7 37. Rd5 Ne5 38. Qb1 Nd3 39. Kh2 Rxb2 40. Qxd3 Rxf2+ 41. Kh3 1-0

[Event "Early-Titled-Tuesday-Blitz-September-05-2023"]
[Site "Chess.com"]
[Date "2023.09.05"]
[Round "8"]
[White "vovachesss"]
[Black "tteshan"]
[Result "1-0"]
[WhiteElo "2769"]
[BlackElo "2565"]
[TimeControl "180+1"]
[EndTime "9:27:02 PDT"]
[Termination "vovachesss won by resignation"]

1. e4 c5 2. Nf3 Nc6 3. d4 cxd4 4.
Nxd4 g6 5. c4 Bg7 6. Be3 Nf6 7.
Nc3 O-O 8. Be2 d6 9. O-O Bd7 10. Re1 Nxd4 11. Bxd4 Bc6 12. Qc2 a5 13. b3 Nd7 14.
Bxg7 Kxg7 15. Rad1 Qb6 16. Qb2 Kg8 17. Bf1 Nc5 18.
Nd5 Bxd5 19. exd5 Rfe8 20. h4 h5 21. Re3 Qb4 22. Rde1 e5 23. dxe6 Rxe6 24. Rxe6 Nxe6 25. Rd1 a4 26. Qd2 Qxd2 27. Rxd2 axb3 28. axb3 Ra3 29. b4 Rb3 30. b5 Rb1 31. g3 Kf8 32.
Rxd6 Ke7 33. Rd5 f5 34. Kg2 Kf6 35. Rd7 f4 36. Rxb7 f3+ 37. Kxf3 Rxf1 38. Rb6 Ke5 39. Kg2 Rc1 40. Rc6 g5 41. hxg5 Rc2 42. b6 Nxg5 43.
b7 Rb2 44. Rc5+ Kf6 45. Rb5 1-0

[Event "Early-Titled-Tuesday-Blitz-September-05-2023"]
[Site "Chess.com"]
[Date "2023.09.05"]
[Round "8"]
[White "Dixit_Nikhil"]
[Black "Hamisandwich"]
[Result "1/2-1/2"]
[WhiteElo "2517"]
[BlackElo "2649"]
[TimeControl "180+1"]
[EndTime "9:27:05 PDT"]
[Termination "Game drawn by repetition"]

1. a3 g6 2. h3 b6 3. Nf3 Bb7 4.
g3 Bg7 5. Bg2 c5 6. O-O Nf6 7.
b3 Ne4 8. Ra2 d5 9. d3 Nd6 10.
Bb2 d4 11. e4 e5 12. Nbd2 Nc6 13. Re1 O-O 14. Nf1 Qd7 15. Bc1 Rae8 16. N3h2 f5 17.
exf5 gxf5 18. Qh5 e4 19. Bf4 Ne5 20. dxe4 fxe4 21. Nd2 e3 22. fxe3 Bxg2 23. Kxg2 Ng6 24. Qd5+ Kh8 25. Bxd6 Rf5 26. Qc4 Qxd6 27. e4 Rg5 28.
Ndf1 Be5 29. Nf3 Rxg3+ 30. Nxg3 Bxg3 31. e5 Bxe5 32. c3 Nf4+ 33. Kf1 d3 34. Rf2 Qd7 35.
Ng5 Qf5 36. Nf7+ Kg7 37. Nxe5 Qxh3+ 38. Kg1 Qg3+ 39. Kf1 Qh3+ 40. Kg1 Qg3+ 41. Kf1 Qh3+ 1/2-1/2